 Dungeon Crawl Stone Soup version 0.29-a0-321-gf1c400731a (webtiles) character file.

Game seed: 8931080315064253770

198 Gwenloh the Poker (level 5, -6/41 HPs)
             Began as a Merfolk Gladiator on Apr 3, 2022.
             Mangled by a black bear (8 damage)
             ... on level 4 of the Dungeon.
             The game lasted 00:05:35 (2895 turns).

Gwenloh the Poker (Merfolk Gladiator)               Turns: 2895, Time: 00:05:36

Health: -6/41      AC:  5    Str: 14    XL:     5   Next: 77%
Magic:  5/5        EV: 14    Int:  7    God:
Gold:   135        SH:  0    Dex: 18    Spells: 4/4 levels left

rFire   . . .      SeeInvis .   a - +0 trident
rCold   . . .      Faith    .   (no shield)
rNeg    . . .      Spirit   .   k - +0 leather armour
rPois   .          Reflect  .   c - +0 helmet
rElec   .          Harm     .   (no cloak)
rCorr   .          Rampage  .   v - +0 pair of gloves
Will    .....                   (no boots)
Stlth   +.........              (no amulet)
HPRegen 0.13/turn               o - ring of flight
MPRegen 0.09/turn               (no ring)

@: flying
A: (nimble swimmer 2), mertail
a: no special abilities


You were on level 4 of the Dungeon.
You visited 1 branch of the dungeon, and saw 4 of its levels.

You collected 135 gold pieces.

Inventory:

Hand Weapons
 a - a +0 trident (weapon)
 b - a +4 hunting sling
Missiles
 d - 3 throwing nets
 e - a javelin
 j - 111 stones (quivered)
 l - 7 boomerangs
 w - 3 poisoned darts
Armour
 c - a +0 helmet (worn)
 k - a +0 leather armour (worn)
 v - a +0 pair of gloves (worn)
Jewellery
 o - a ring of flight (left hand)
Wands
 p - a wand of polymorph (9)
Scrolls
 f - 2 scrolls of amnesia {unknown}
 g - a scroll of fog {unknown}
 h - 4 scrolls of teleportation {unknown}
 m - a scroll of fear {unknown}
 q - 4 scrolls of identify {unknown}
 t - a scroll of blinking {unknown}
Potions
 i - 2 potions of magic {unknown}
 n - 2 potions of brilliance {unknown}
 r - a potion of curing {unknown}
 s - a potion of lignification {unknown}
 u - a potion of attraction {unknown}
 x - a potion of degeneration {unknown}


   Skills:
 + Level 3.6 Fighting
 * Level 6.5 Polearms
 - Level 2.0 Throwing
 + Level 5.3 Dodging


You had 4 spell levels left.
You didn't know any spells.
Your spell library contained the following spells:

 Spells                   Type           Power      Damage    Failure   Level
 Summon Small Mammal      Summ           0%         N/A       52%         1
 Call Canine Familiar     Summ           0%         N/A       87%         3
 Conjure Flame            Conj/Fire      0%         6-21      87%         3
 Ignite Poison            Fire/Tmut/Pois 0%         N/A       87%         3
 Summon Guardian Golem    Hex/Summ       0%         N/A       87%         3
 Sticky Flame             Conj/Fire      0%         2d3       99%         4


Dungeon Overview and Level Annotations

Branches:
Dungeon (4/15)
 Temple: D:4-7

Altars:
Qazlal


Innate Abilities, Weirdness & Mutations

((You are very nimble when in or above water. (Stealth+, EV+, Speed+++)))
Your lower body shifts to a powerful aquatic tail in water.


Message History

The black bear barely misses you.
The black bear claws you but does no damage.
The black bear claws you.
A gnoll comes into view. It is wielding a +0 flail.
The gnoll shouts!
You hit the black bear.
The black bear is almost dead.
The black bear goes berserk!
You hear a shout!
The gnoll attacks as you move away! The gnoll completely misses you.
The gnoll closely misses you. The black bear misses you.
The black bear closely misses you. The black bear claws you.
You closely miss the black bear.
The black bear is almost dead.
The black bear bites you but does no damage.
The black bear claws you but does no damage.
The black bear claws you. The gnoll hits you with a +0 whip.
The black bear bites you. The black bear barely misses you.
The black bear claws you. The black bear closely misses you.
The black bear claws you but does no damage.
The black bear barely misses you. The gnoll attacks as you move away!
The gnoll hits you with a +0 flail. The black bear bites you.
* * * LOW HITPOINT WARNING * * *
The black bear claws you.
* * * LOW HITPOINT WARNING * * *
The black bear claws you but does no damage.
Found 20 stones.
The black bear bites you!
* * * LOW HITPOINT WARNING * * *
The black bear claws you but does no damage.
The black bear barely misses you.
A jelly comes into view.
Found a scroll labelled RINATO PUSI.
The gnoll attacks as you move away! The gnoll barely misses you.
The black bear attacks as you move away!
The black bear misses you. The black bear barely misses you.
The black bear claws you but does no damage.
The black bear bites you!
You die...

.. ...... ..##......
####...J...##
#...........# #
#..........## #..
(.#............ #.#####
..............# ##.#...#
...?...@#####.###......#
...###gh##.#............
#.g................
##.................. ##
#g.##...#.........#. ...
#####..###......###..##.
.#.##.#.........†..##
#.....
.............#.....#
#......
.........#..##....##
#....#.


You could see a black bear (berserk), a jelly and 3 gnolls.

Vanquished Creatures
  A scorpion (D:4)
  An iguana (D:3)
  Terence (D:3)
  2 adders
  3 worms
  A dart slug (D:2)
  4 bats
  8 endoplasms
  3 giant cockroaches
  5 goblins
  5 hobgoblins
  3 jackals (D:1)
  2 quokkas
  6 ball pythons
  4 frilled lizards
  4 kobolds
  5 rats
58 creatures vanquished.

Notes
Turn   | Place    | Note
-------+----------+-------------------------------------------
     0 | D:1      | Gwenloh the Merfolk Gladiator began the quest for the Orb.
     0 | D:1      | Reached XP level 1. HP: 16/16 MP: 1/1
   181 | D:1      | Found a faded altar of an unknown god.
   278 | D:1      | Reached XP level 2. HP: 23/23 MP: 2/2
  1146 | D:2      | Reached XP level 3. HP: 8/28 MP: 3/3
  1488 | D:2      | Reached skill level 5 in Polearms
  2214 | D:3      | Reached XP level 4. HP: 34/34 MP: 4/4
  2240 | D:3      | Noticed Terence
  2244 | D:3      | Killed Terence
  2605 | D:3      | Found a stormy altar of Qazlal.
  2694 | D:3      | Reached skill level 6 in Polearms
  2694 | D:3      | Reached skill level 5 in Dodging
  2694 | D:3      | Reached XP level 5. HP: 37/41 MP: 5/5
  2873 | D:4      | Noticed a black bear
  2893 | D:4      | HP: 2/41 [black bear (7)]
  2895 | D:4      | Mangled by a black bear

Illustrated notes

Levels and vault maps discovered:
D:1:      scummos_arrival_checkerplants, layout_basic,
          ebering_ecumenical_altar_sacrificial, grunt_decor_one_mirror
D:2:      layout_loops_cross, st_stairs_8
D:3:      layout_loops_ring, nicolae_qazlal_eye_of_the_storm, uniq_terence
D:4:      layout_cave_pools, beargit_hepliaklqana_dungeon_heroes

Skill      XL: |  1  2  3  4 |
---------------+-------------+-----
Polearms       | 5 6 |  6.5
Fighting       | 3 |  3.6
Dodging        | 5 |  5.3
Throwing       | |  2.0

Action                   |  1- 3 |  4- 6 || total
-------------------------+-------+-------++-------
Melee: Trident           |    85 |    29 ||   114
 Fire: Hunting sling     |    24 |    39 ||    63
Throw: Stone             |    58 |       ||    58
       Javelin           |     2 |       ||     2
 Stab: Sleeping          |     1 |       ||     1
Armor: Leather armour    |    25 |    11 ||    36
Dodge: Dodged            |    52 |    43 ||    95

Table legend: (Time is in decaauts)
 A = Elapsed time spent in this place.
 B = Non-inter-level travel time spent in this place.
 C = Inter-level travel time spent in this place.
 D = Time resting spent in this place.
 E = Time spent auto-exploring this place.
 F = Levels seen in this place.
 G = Mean time per level.
                   A        B        C        D        E       F      G
               +--------+--------+--------+--------+--------+-----+--------+
         Total |   2924 |   2816 |    108 |      0 |   2315 |   4 |  731.0 |
       Dungeon |   2924 |   2816 |    108 |      0 |   2315 |   4 |  731.0 |
               +--------+--------+--------+--------+--------+-----+--------+

Top non-repeatable levels by time:
     D:2: 1146 daAuts
     D:1: 959 daAuts
     D:3: 642 daAuts
     D:4: 175 daAuts
